WCHLSIM.com - West Coast Hockey League
html PUBLIC "-//W3C//DTD XHTML 1.0 Transitional//EN" "http://www.w3.org/TR/xhtml1/DTD/xhtml1-transitional.dtd"> WCHL - Game 99 - VICTORIA GLADIATORS vs LONG BEACH BARACUDAS

VICTORIA GLADIATORS vs LONG BEACH BARACUDAS

Created - 26 octobre 2023 at 22:17

Goals
1 2 3 OT1 SO T
VICTORIA GLADIATORS 2 1 0 0 2 4
LONG BEACH BARACUDAS 1 1 1 0 0 3
Shots
1 2 3 OT1 SO T
VICTORIA GLADIATORS 9 9 7 5 2 30
LONG BEACH BARACUDAS 8 12 6 6 2 32

1st period

1. VICTORIA GLADIATORS , Adam Lowry 1 (Barclay Goodrow 3, Tyler Myers 1) at 3:37
2. LONG BEACH BARACUDAS , Teuvo Teravainen 5 (Andreas Athanasiou 2, Ryan O'Reilly 4) at 13:13 (PP)
3. VICTORIA GLADIATORS , Mikael Granlund 2 (Torey Krug 1, Andre Burakovsky 2) at 14:41 (PP)

Penalties :
Jan Rutta (VIC) for Hooking (Minor) at 12:55, William Karlsson (LOB) for Interference (Minor) at 13:44, Andre Burakovsky (VIC) for Hooking (Minor) at 16:46

2nd period

4. VICTORIA GLADIATORS , Matthew Nieto 1 (Brandon Montour 3, Noel Acciari 3) at 0:49
5. LONG BEACH BARACUDAS , Jaden Schwartz 1 (Alex Pietrangelo 7, Mark Stone 8) at 2:57 (PP)

Penalties :
Barclay Goodrow (VIC) for Tripping (Minor) at 1:08

3rd period

6. LONG BEACH BARACUDAS , Mark Stone 7 (Alex Pietrangelo 8, William Karlsson 6) at 9:50 (PP)

Penalties :
Jaden Schwartz (LOB) for Roughing (Minor) at 6:13, Kasperi Kapanen (VIC) for High sticking (Minor) at 9:34, Alex Pietrangelo (LOB) for Tripping (Minor) at 17:46, Brock McGinn (VIC) for Hooking (Minor) at 17:46

Overtime #1

No Goal

Penalties :
No Penalty

Shootout

VICTORIA GLADIATORS, Mikael Granlund - Goal!
LONG BEACH BARACUDAS, Mark Stone - Shot Misses the Net
VICTORIA GLADIATORS, Andre Burakovsky - Goal!
LONG BEACH BARACUDAS, William Karlsson - Stopped by Jake Oettinger

Penalties :
No Penalty

Goalie Stats

Jake Oettinger (VIC), 29 saves from 32 shots - (0,906), W, 3-3-0, 65:00 minutes
Pyotr Kochetkov (LOB), 27 saves from 30 shots - (0,900), OTL, 4-1-1, 65:00 minutes

Players Stats for VICTORIA GLADIATORS

Player Name              G  A  P  +/- PIM S  H  SB GA TA FO     MP     PP MP  PK MP  
------------------------------------------------------------------------------------
Adam Lowry               1  0  1   1  0   7  1  0  0  0  13/25  20:51   1:40   0:53 
Alex Iafallo             0  0  0   0  0   6  2  1  0  0  0/2    21:41   1:16   0:00 
Andre Burakovsky         0  1  1   0  2   2  0  0  0  0  0/1    21:13   1:16   0:00 
Barclay Goodrow          0  1  1   1  2   1  1  0  0  0  0/2    17:52   1:40   0:00 
Brandon Montour          0  1  1   1  0   1  1  2  0  0  0/0    25:20   1:40   0:18 
Brock McGinn             0  0  0   0  2   2  1  0  0  0  0/1     8:01   0:00   1:57 
Chris Tanev              0  0  0   0  0   0  1  1  0  0  0/0    18:20   0:00   2:53 
Jan Rutta                0  0  0   0  2   0  1  1  0  0  0/0    18:01   0:00   2:35 
Justin Holl              0  0  0   1  0   0  1  0  0  0  0/0    19:26   0:00   1:29 
Kasperi Kapanen          0  0  0   1  2   1  0  0  0  0  0/2    17:08   1:40   0:00 
Mason Appleton           0  0  0   0  0   0  0  1  0  0  4/11    7:44   0:00   1:39 
Matthew Nieto            1  0  1   1  0   1  0  0  0  0  0/0    13:43   0:00   1:39 
Mikael Granlund          1  0  1   0  0   4  2  0  0  0  10/27  22:32   1:16   0:00 
Nick Foligno             0  0  0   1  0   1  3  0  0  0  1/2    13:44   1:40   0:00 
Noel Acciari             0  1  1   1  0   1  2  0  0  0  6/13   14:41   0:00   2:36 
Torey Krug               0  1  1   1  0   1  1  0  0  0  0/0    22:38   1:16   0:00 
Tyler Myers              0  1  1   1  0   1  2  1  0  0  0/0    19:34   1:16   1:29 
Tyler Pitlick            0  0  0   0  0   1  2  0  0  0  0/0     6:05   0:00   0:00 

Players Stats for LONG BEACH BARACUDAS

Player Name              G  A  P  +/- PIM S  H  SB GA TA FO     MP     PP MP  PK MP  
------------------------------------------------------------------------------------
Alex Pietrangelo         0  2  2   0  2   0  1  2  0  0  0/0    27:14   2:34   1:19 
Alexander Romanov        0  0  0   0  0   1  3  3  0  0  0/0    26:01   2:34   1:19 
Andreas Athanasiou       0  1  1  -1  0   4  0  0  0  0  1/1    18:07   1:48   0:00 
Boris Katchouk           0  0  0   0  0   0  0  0  0  0  0/0     1:34   0:00   0:14 
Calvin De Haan           0  0  0  -1  0   1  0  2  0  0  0/0    15:50   0:00   0:00 
Cody Glass               0  0  0  -1  0   0  2  0  0  0  1/1    16:54   0:00   0:00 
Derek Stepan             0  0  0   0  0   0  0  0  0  0  5/8     4:04   0:00   0:00 
Jaden Schwartz           1  0  1   0  2   4  1  0  0  0  1/2    20:43   2:34   0:11 
Justin Braun             0  0  0  -1  0   0  0  0  0  0  0/0    20:00   1:48   1:37 
Mark Stone               1  1  2   0  0   5  2  0  0  0  0/0    22:07   2:34   1:40 
Matt Irwin               0  0  0  -1  0   0  4  1  0  0  0/0    15:54   0:00   0:00 
Peyton Krebs             0  0  0   0  0   0  0  0  0  0  0/0     2:51   0:00   0:00 
Ryan O'Reilly            0  1  1  -1  0   6  1  0  0  0  15/27  21:21   1:48   1:16 
Scott Harrington         0  0  0  -1  0   0  2  1  0  0  0/0    20:00   1:48   1:37 
Seth Jarvis              0  0  0  -1  0   3  0  0  0  0  5/15   16:54   0:00   0:00 
Taylor Hall              0  0  0  -1  0   1  0  0  0  0  1/2    18:31   0:00   1:37 
Teuvo Teravainen         1  0  1  -1  0   3  0  0  0  0  0/0    18:02   1:48   0:00 
William Karlsson         0  1  1   0  2   4  0  0  0  0  23/30  23:55   2:34   0:54 

3 Stars

1 - Mark Stone (LOB)
2 - Adam Lowry (VIC)
3 - Matthew Nieto (VIC)

Power Play

VICTORIA GLADIATORS - 1 on 2 Attempt(s) - 50,00%
LONG BEACH BARACUDAS - 3 on 4 Attempt(s) - 75,00%

Penalty Kill

VICTORIA GLADIATORS - 1 on 4 Attempt(s) - 25,00% - Score 0 goal in Penalty Kill
LONG BEACH BARACUDAS - 1 on 2 Attempt(s) - 50,00% - Score 0 goal in Penalty Kill

Team Stat

VICTORIA GLADIATORS - Hits : 21 - Faceoff Wins : 34 - Blocked Shots : 7 - Penalty Minutes : 10
LONG BEACH BARACUDAS - Hits : 16 - Faceoff Wins : 52 - Blocked Shots : 9 - Penalty Minutes : 6

Official

Referees : Terry Koharski and Mike Campbell
Linesman : Brian Murphy and Jonny Murray

Game Notes

No Game Note

Finance

Level 1 -- Attendance: 5727 (80,66%) -- Ticket Income 1 116 765 $
Level 2 -- Attendance: 5925 (100,00%) -- Ticket Income 687 300 $
Level 3 -- Attendance: 3307 (81,65%) -- Ticket Income 281 095 $
Level 4 -- Attendance: 6215 (94,52%) -- Ticket Income 341 825 $
Luxury Box -- Attendance: 1067 (79,04%) -- Ticket Income 346 775 $
Game was played at the MONSTER ENERGY CENTER.
Total Attendance: 22241 (88,96%)
Total Ticket Income: 2 773 760 $
Other Expense: 27 738 $
Total Income: 2 746 022 $

VICTORIA GLADIATORS

5 vs 5 Forward 
   Center                   Left Wing                Right Wing               Time % Phy DF OF 
 1 Mikael Granlund          Alex Iafallo             Andre Burakovsky         36     0   3  2  
 2 Adam Lowry               Barclay Goodrow          Kasperi Kapanen          33     0   3  2  
 3 Noel Acciari             Nick Foligno             Matthew Nieto            24     0   4  1  
 4 Mason Appleton           Brock McGinn             Tyler Pitlick            7      0   4  1  

5 vs 5 Defense 
   Defense                  Defense                                           Time % Phy DF OF 
 1 Brandon Montour          Torey Krug                                        40     0   3  2  
 2 Tyler Myers              Justin Holl                                       35     0   3  2  
 3 Chris Tanev              Jan Rutta                                         25     0   3  2  
 4 Brandon Montour          Justin Holl                                       0      0   3  2  

PowerPlay Forward 
   Center                   Left Wing                Right Wing               Time % Phy DF OF 
 1 Mikael Granlund          Alex Iafallo             Andre Burakovsky         60     1   0  4  
 2 Adam Lowry               Barclay Goodrow          Nick Foligno             40     1   0  4  

PowerPlay Defense
   Defense                  Defense                                           Time % Phy DF OF 
 1 Brandon Montour          Kasperi Kapanen                                   60     0   1  4  
 2 Tyler Myers              Torey Krug                                        40     0   1  4  

Penalty Kill 4 Players Forward 
   Center                   Wing                     Time % Phy DF OF 
 1 Noel Acciari             Brock McGinn             60     0   4  1  
 2 Mason Appleton           Matthew Nieto            40     0   4  1  

Penalty Kill 4 Players Defense
   Defense                  Defense                  Time % Phy DF OF 
 1 Tyler Myers              Justin Holl              60     0   4  1  
 2 Chris Tanev              Jan Rutta                40     0   4  1  

Penalty Kill - 3 Players Forward 
   Forward                                           Time % Phy DF OF 
 1 Noel Acciari                                      55     0   5  0  
 2 Matthew Nieto                                     45     0   5  0  

Penalty Kill - 3 Players Defense
   Defense                  Defense                  Time % Phy DF OF 
 1 Tyler Myers              Justin Holl              55     0   5  0  
 2 Chris Tanev              Jan Rutta                45     0   5  0  

4 vs 4 Forward 
   Center                   Wing                     Time % Phy DF OF 
 1 Mikael Granlund          Alex Iafallo             52     1   2  2  
 2 Adam Lowry               Barclay Goodrow          48     1   2  2  

4 vs 4 Defense
   Defense                  Defense                  Time % Phy DF OF 
 1 Brandon Montour          Torey Krug               52     1   2  2  
 2 Chris Tanev              Jan Rutta                48     1   2  2  

Last Minutes Offensive
   Center                   Left Wing                Right Wing               Defense                  Defense                  
   Mikael Granlund          Alex Iafallo             Andre Burakovsky         Brandon Montour          Torey Krug               

Last Minutes Defensive
   Center                   Left Wing                Right Wing               Defense                  Defense                  
   Noel Acciari             Brock McGinn             Matthew Nieto            Tyler Myers              Justin Holl              

Goaltenders
Starting : Jake Oettinger           
Backup : Charlie Lindgren         

Extra Forwards
Normal : Alex Iafallo, Nick Foligno, Kasperi Kapanen - PP : Noel Acciari, Brock McGinn - PK : Adam Lowry
Extra Defensemen
Normal : Chris Tanev, Jan Rutta, Torey Krug - PP : Chris Tanev - PK : Jan Rutta, Tyler Myers
Penalty Shots
Mikael Granlund, Andre Burakovsky, Adam Lowry, Alex Iafallo, Barclay Goodrow
Custom OT Lines Forwards
Mikael Granlund, Andre Burakovsky, Adam Lowry, Alex Iafallo, Barclay Goodrow, Noel Acciari, Kasperi Kapanen, Nick Foligno, Matthew Nieto, Mason Appleton
Custom OT Lines Defensemen
Brandon Montour, Torey Krug, Tyler Myers, Justin Holl, Chris Tanev

Scratches
Juuso Parssinen (Right Hand Injury), Niko Mikkola (Healthy)

LONG BEACH BARACUDAS

5 vs 5 Forward 
   Center                   Left Wing                Right Wing               Time % Phy DF OF 
 1 William Karlsson         Jaden Schwartz           Mark Stone               36     1   2  2  
 2 Ryan O'Reilly            Teuvo Teravainen         Andreas Athanasiou       31     1   2  2  
 3 Seth Jarvis              Taylor Hall              Cody Glass               23     1   2  2  
 4 Derek Stepan             Peyton Krebs             William Karlsson         10     1   2  2  

5 vs 5 Defense 
   Defense                  Defense                                           Time % Phy DF OF 
 1 Alex Pietrangelo         Alexander Romanov                                 36     1   2  2  
 2 Justin Braun             Scott Harrington                                  31     1   2  2  
 3 Matt Irwin               Calvin De Haan                                    23     1   2  2  
 4 Alex Pietrangelo         Alexander Romanov                                 10     1   2  2  

PowerPlay Forward 
   Center                   Left Wing                Right Wing               Time % Phy DF OF 
 1 William Karlsson         Jaden Schwartz           Mark Stone               55     0   1  4  
 2 Ryan O'Reilly            Teuvo Teravainen         Andreas Athanasiou       45     0   1  4  

PowerPlay Defense
   Defense                  Defense                                           Time % Phy DF OF 
 1 Alex Pietrangelo         Alexander Romanov                                 55     0   5  0  
 2 Justin Braun             Scott Harrington                                  45     0   5  0  

Penalty Kill 4 Players Forward 
   Center                   Wing                     Time % Phy DF OF 
 1 William Karlsson         Mark Stone               55     0   3  2  
 2 Ryan O'Reilly            Jaden Schwartz           45     0   3  2  

Penalty Kill 4 Players Defense
   Defense                  Defense                  Time % Phy DF OF 
 1 Alex Pietrangelo         Alexander Romanov        55     0   4  1  
 2 Justin Braun             Scott Harrington         45     0   4  1  

Penalty Kill - 3 Players Forward 
   Forward                                           Time % Phy DF OF 
 1 Mark Stone                                        55     0   4  1  
 2 William Karlsson                                  45     0   4  1  

Penalty Kill - 3 Players Defense
   Defense                  Defense                  Time % Phy DF OF 
 1 Alex Pietrangelo         Alexander Romanov        55     0   4  1  
 2 Justin Braun             Scott Harrington         45     0   4  1  

4 vs 4 Forward 
   Center                   Wing                     Time % Phy DF OF 
 1 William Karlsson         Taylor Hall              55     0   2  3  
 2 Derek Stepan             Jaden Schwartz           45     0   2  3  

4 vs 4 Defense
   Defense                  Defense                  Time % Phy DF OF 
 1 Alex Pietrangelo         Alexander Romanov        55     0   3  2  
 2 Justin Braun             Scott Harrington         45     0   3  2  

Last Minutes Offensive
   Center                   Left Wing                Right Wing               Defense                  Defense                  
   William Karlsson         Jaden Schwartz           Mark Stone               Alex Pietrangelo         Alexander Romanov        

Last Minutes Defensive
   Center                   Left Wing                Right Wing               Defense                  Defense                  
   William Karlsson         Jaden Schwartz           Mark Stone               Alex Pietrangelo         Alexander Romanov        

Goaltenders
Starting : Pyotr Kochetkov          
Backup : Ukko-Pekka Luukkonen     

Extra Forwards
Normal : Taylor Hall, Seth Jarvis, Boris Katchouk - PP : Taylor Hall, Seth Jarvis - PK : Taylor Hall
Extra Defensemen
Normal : Matt Irwin, Calvin De Haan, Justin Braun - PP : Matt Irwin - PK : Calvin De Haan, Justin Braun
Penalty Shots
Mark Stone, William Karlsson, Ryan O'Reilly, Jaden Schwartz, Teuvo Teravainen
Custom OT Lines Forwards
Mark Stone, William Karlsson, Ryan O'Reilly, Jaden Schwartz, Teuvo Teravainen, Taylor Hall, Andreas Athanasiou, Seth Jarvis, Cody Glass, Derek Stepan
Custom OT Lines Defensemen
Alex Pietrangelo, Alexander Romanov, Justin Braun, Scott Harrington, Matt Irwin

Scratches
None


% Time on Ice - VICTORIA GLADIATORS

Lines # - Real PCT - Wanted PCT - Time Play
Normal Forward
1 - 34% - 36% - 17:05
2 - 31% - 33% - 15:29
3 - 24% - 24% - 12:04
4 - 12% - 7% - 6:05
Normal Defense
1 - 37% - 40% - 18:35
2 - 33% - 35% - 16:49
3 - 28% - 25% - 14:11
4 - 2% - 0% - 1:08
PP Forward
1 - 43% - 60% - 1:16
2 - 57% - 40% - 1:40
PP Defense
1 - 57% - 60% - 1:40
2 - 43% - 40% - 1:16
PK Forward
1 - 62% - 60% - 2:43
2 - 38% - 40% - 1:39
PK Defense
1 - 34% - 60% - 1:29
2 - 66% - 40% - 2:53
PK3 Forward
1 - 0% - 55%
2 - 0% - 45%
PK3 Defense
1 - 0% - 55%
2 - 0% - 45%
44 Forward
1 - 64% - 52% - 1:16
2 - 36% - 48% - 0:43
44 Defense
1 - 36% - 52% - 0:43
2 - 64% - 48% - 1:16
Last Minute Offensive  - 0:00
Last Minute Defensive  - 0:00
Total
Forward - 60:00
Defense - 60:00

% Time on Ice - LONG BEACH BARACUDAS

Lines # - Real PCT - Wanted PCT - Time Play
Normal Forward
1 - 29% - 36% - 14:44
2 - 32% - 31% - 16:14
3 - 33% - 23% - 16:54
4 - 6% - 10% - 2:51
Normal Defense
1 - 38% - 36% - 19:13
2 - 30% - 31% - 15:17
3 - 28% - 23% - 14:24
4 - 4% - 10% - 1:49
PP Forward
1 - 59% - 55% - 2:34
2 - 41% - 45% - 1:48
PP Defense
1 - 59% - 55% - 2:34
2 - 41% - 45% - 1:48
PK Forward
1 - 57% - 55% - 1:40
2 - 43% - 45% - 1:16
PK Defense
1 - 45% - 55% - 1:19
2 - 55% - 45% - 1:37
PK3 Forward
1 - 0% - 55%
2 - 0% - 45%
PK3 Defense
1 - 0% - 55%
2 - 0% - 45%
44 Forward
1 - 4% - 55% - 0:05
2 - 96% - 45% - 1:54
44 Defense
1 - 0% - 55% - 0:00
2 - 100% - 45% - 1:59
Last Minute Offensive  - 0:00
Last Minute Defensive  - 0:00
Total
Forward - 60:00
Defense - 60:00

Play-by-Play

1st period


0:01 of 1st period - William Karlsson wins face-off versus Mikael Granlund in neutral zone.
0:34 of 1st period - Shot by Alex Iafallo.
0:34 of 1st period - Stopped by Pyotr Kochetkov without a rebound.
0:35 of 1st period - Ryan O'Reilly wins face-off versus Barclay Goodrow in LONG BEACH BARACUDAS zone.
1:00 of 1st period - Shot by Barclay Goodrow.
1:00 of 1st period - Shot Misses the Net.
1:02 of 1st period - Shot by Tyler Myers.
1:02 of 1st period - Stopped by Pyotr Kochetkov with a rebound.
1:04 of 1st period - Shot by Adam Lowry.
1:04 of 1st period - Stopped by Pyotr Kochetkov with a rebound.
1:39 of 1st period - Icing by Teuvo Teravainen.
1:40 of 1st period - Mason Appleton wins face-off versus Ryan O'Reilly in LONG BEACH BARACUDAS zone.
1:44 of 1st period - Icing by Justin Braun.
1:45 of 1st period - Mikael Granlund wins face-off versus Ryan O'Reilly in LONG BEACH BARACUDAS zone.
1:48 of 1st period - Shot by Mikael Granlund.
1:48 of 1st period - Stopped by Pyotr Kochetkov without a rebound.
1:49 of 1st period - Noel Acciari wins face-off versus Seth Jarvis in LONG BEACH BARACUDAS zone.
1:49 of 1st period - Chris Tanev is hit by Matt Irwin and loses puck.
1:55 of 1st period - Noel Acciari is hit by Matt Irwin and loses puck.
2:25 of 1st period - Nick Foligno is hit by Matt Irwin and loses puck.
2:46 of 1st period - Shot by Andre Burakovsky.
2:46 of 1st period - Shot Misses the Net.
2:52 of 1st period - Shot by Alex Iafallo.
2:52 of 1st period - Stopped by Pyotr Kochetkov with a rebound.
3:02 of 1st period - Shot by Alex Iafallo.
3:02 of 1st period - Shot Blocked by Matt Irwin.
3:18 of 1st period - Alex Iafallo is hit by Matt Irwin and loses puck.
3:33 of 1st period - Shot by Barclay Goodrow.
3:33 of 1st period - Shot Blocked by Calvin De Haan.
3:35 of 1st period - Shot by Adam Lowry.
3:35 of 1st period - Shot Misses the Net.
3:37 of 1st period - Shot by Adam Lowry.
3:37 of 1st period - Goal by Adam Lowry - VICTORIA GLADIATORS : 1 - LONG BEACH BARACUDAS : 0.
3:38 of 1st period - William Karlsson wins face-off versus Mason Appleton in neutral zone.
3:38 of 1st period - Alex Pietrangelo is hit by Brock McGinn and loses puck.
3:51 of 1st period - Shot by Mark Stone.
3:51 of 1st period - Stopped by Jake Oettinger without a rebound.
3:52 of 1st period - Adam Lowry wins face-off versus Ryan O'Reilly in VICTORIA GLADIATORS zone.
5:00 of 1st period - Alexander Romanov is hit by Barclay Goodrow and loses puck.
5:42 of 1st period - Off-side.
5:43 of 1st period - Ryan O'Reilly wins face-off versus Mikael Granlund in neutral zone.
7:36 of 1st period - Shot by Nick Foligno.
7:36 of 1st period - Shot Misses the Net.
7:59 of 1st period - Shot by William Karlsson.
7:59 of 1st period - Stopped by Jake Oettinger without a rebound.
8:00 of 1st period - Derek Stepan wins face-off versus Mason Appleton in VICTORIA GLADIATORS zone.
8:57 of 1st period - Shot by Ryan O'Reilly.
8:57 of 1st period - Stopped by Jake Oettinger without a rebound.
8:58 of 1st period - Seth Jarvis wins face-off versus Kasperi Kapanen in VICTORIA GLADIATORS zone.
8:59 of 1st period - Shot by Taylor Hall.
8:59 of 1st period - Stopped by Jake Oettinger without a rebound.
9:00 of 1st period - Ryan O'Reilly wins face-off versus Adam Lowry in VICTORIA GLADIATORS zone.
9:06 of 1st period - Teuvo Teravainen is hit by Brandon Montour and loses puck.
9:43 of 1st period - Chris Tanev is hit by Ryan O'Reilly and loses puck.
9:55 of 1st period - Andre Burakovsky is hit by Scott Harrington and loses puck.
10:13 of 1st period - Alex Iafallo is hit by Scott Harrington and loses puck.
10:21 of 1st period - Cody Glass is hit by Chris Tanev and loses puck.
12:04 of 1st period - Andreas Athanasiou is hit by Torey Krug and loses puck.
12:25 of 1st period - Shot by Adam Lowry.
12:25 of 1st period - Shot Misses the Net.
12:29 of 1st period - Shot by Kasperi Kapanen.
12:29 of 1st period - Stopped by Pyotr Kochetkov without a rebound.
12:30 of 1st period - Mikael Granlund wins face-off versus Seth Jarvis in LONG BEACH BARACUDAS zone.
12:54 of 1st period - Shot by Cody Glass.
12:54 of 1st period - Shot Misses the Net.
12:55 of 1st period - Minor Penalty to Jan Rutta for Hooking.
12:56 of 1st period - Ryan O'Reilly wins face-off versus Noel Acciari in VICTORIA GLADIATORS zone.
13:09 of 1st period - Shot by Andreas Athanasiou.
13:09 of 1st period - Shot Misses the Net.
13:11 of 1st period - Shot by Andreas Athanasiou.
13:11 of 1st period - Shot Blocked by Chris Tanev.
13:13 of 1st period - Shot by Teuvo Teravainen.
13:13 of 1st period - The goal is going for a video replay.
13:13 of 1st period - The goal is good.
13:13 of 1st period - Goal by Teuvo Teravainen - VICTORIA GLADIATORS : 1 - LONG BEACH BARACUDAS : 1.
13:14 of 1st period - Mikael Granlund wins face-off versus Jaden Schwartz in neutral zone.
13:44 of 1st period - Minor Penalty to William Karlsson for Interference.
13:45 of 1st period - Adam Lowry wins face-off versus Taylor Hall in LONG BEACH BARACUDAS zone.
13:52 of 1st period - Shot by Brandon Montour.
13:52 of 1st period - Deflect By Barclay Goodrow.
13:52 of 1st period - Shot Blocked by Alexander Romanov.
14:08 of 1st period - Shot by Brandon Montour.
14:08 of 1st period - Shot Misses the Net.
14:10 of 1st period - Shot by Brandon Montour.
14:10 of 1st period - Shot Misses the Net.
14:12 of 1st period - Shot by Barclay Goodrow.
14:12 of 1st period - Shot Misses the Net.
14:14 of 1st period - Shot by Adam Lowry.
14:14 of 1st period - Shot Misses the Net.
14:16 of 1st period - Shot by Brandon Montour.
14:16 of 1st period - Shot Blocked by Scott Harrington.
14:18 of 1st period - Shot by Barclay Goodrow.
14:18 of 1st period - Stopped by Pyotr Kochetkov without a rebound.
14:19 of 1st period - Jaden Schwartz wins face-off versus Mikael Granlund in LONG BEACH BARACUDAS zone.
14:41 of 1st period - Shot by Mikael Granlund.
14:41 of 1st period - Goal by Mikael Granlund - VICTORIA GLADIATORS : 2 - LONG BEACH BARACUDAS : 1.
14:42 of 1st period - Derek Stepan wins face-off versus Mason Appleton in neutral zone.
14:55 of 1st period - Shot by William Karlsson.
14:55 of 1st period - Shot Blocked by Mason Appleton.
15:46 of 1st period - Shot by Andreas Athanasiou.
15:46 of 1st period - Stopped by Jake Oettinger without a rebound.
15:47 of 1st period - Adam Lowry wins face-off versus Seth Jarvis in VICTORIA GLADIATORS zone.
15:54 of 1st period - Tyler Myers is hit by Cody Glass and loses puck.
15:59 of 1st period - Shot by Seth Jarvis.
15:59 of 1st period - Shot Misses the Net.
16:46 of 1st period - Minor Penalty to Andre Burakovsky for Hooking.
16:47 of 1st period - William Karlsson wins face-off versus Noel Acciari in VICTORIA GLADIATORS zone.
17:28 of 1st period - Icing by Mark Stone.
17:29 of 1st period - William Karlsson wins face-off versus Mason Appleton in LONG BEACH BARACUDAS zone.
18:50 of 1st period - Shot by Seth Jarvis.
18:50 of 1st period - Shot Misses the Net.
18:52 of 1st period - Shot by Taylor Hall.
18:52 of 1st period - Deflect By Seth Jarvis.
18:52 of 1st period - Shot Blocked by Brandon Montour.
18:54 of 1st period - Shot by Seth Jarvis.
18:54 of 1st period - Stopped by Jake Oettinger without a rebound.
18:55 of 1st period - Seth Jarvis wins face-off versus Mikael Granlund in VICTORIA GLADIATORS zone.
18:58 of 1st period - Shot by Taylor Hall.
18:58 of 1st period - Shot Blocked by Brandon Montour.
19:00 of 1st period - Shot by Calvin De Haan.
19:00 of 1st period - Stopped by Jake Oettinger without a rebound.
19:01 of 1st period - Mikael Granlund wins face-off versus Seth Jarvis in VICTORIA GLADIATORS zone.
19:13 of 1st period - Off-side.
19:14 of 1st period - Ryan O'Reilly wins face-off versus Adam Lowry in neutral zone.
Goals for this period are 2 for VICTORIA GLADIATORS vs 1 for LONG BEACH BARACUDAS.
Shots for this period are 9 for VICTORIA GLADIATORS vs 8 for LONG BEACH BARACUDAS.

2nd period


0:01 of 2nd period - William Karlsson wins face-off versus Mikael Granlund in neutral zone.
0:27 of 2nd period - Shot by Alex Iafallo.
0:27 of 2nd period - Stopped by Pyotr Kochetkov with a rebound.
0:41 of 2nd period - Shot by William Karlsson.
0:41 of 2nd period - Stopped by Jake Oettinger without a rebound.
0:42 of 2nd period - Noel Acciari wins face-off versus Ryan O'Reilly in VICTORIA GLADIATORS zone.
0:49 of 2nd period - Shot by Matthew Nieto.
0:49 of 2nd period - Goal by Matthew Nieto - VICTORIA GLADIATORS : 3 - LONG BEACH BARACUDAS : 1.
0:50 of 2nd period - Adam Lowry wins face-off versus Ryan O'Reilly in neutral zone.
1:08 of 2nd period - Minor Penalty to Barclay Goodrow for Tripping.
1:09 of 2nd period - Noel Acciari wins face-off versus William Karlsson in VICTORIA GLADIATORS zone.
1:39 of 2nd period - Icing by Alexander Romanov.
1:40 of 2nd period - William Karlsson wins face-off versus Brock McGinn in LONG BEACH BARACUDAS zone.
1:55 of 2nd period - Shot by Mark Stone.
1:55 of 2nd period - Stopped by Jake Oettinger without a rebound.
1:56 of 2nd period - Ryan O'Reilly wins face-off versus Mason Appleton in VICTORIA GLADIATORS zone.
1:59 of 2nd period - Shot by Andreas Athanasiou.
1:59 of 2nd period - Stopped by Jake Oettinger without a rebound.
2:00 of 2nd period - Noel Acciari wins face-off versus Ryan O'Reilly in VICTORIA GLADIATORS zone.
2:55 of 2nd period - Shot by Alex Pietrangelo.
2:55 of 2nd period - Shot Misses the Net.
2:57 of 2nd period - Shot by Jaden Schwartz.
2:57 of 2nd period - Goal by Jaden Schwartz - VICTORIA GLADIATORS : 3 - LONG BEACH BARACUDAS : 2.
2:58 of 2nd period - William Karlsson wins face-off versus Mikael Granlund in neutral zone.
3:13 of 2nd period - Shot by William Karlsson.
3:13 of 2nd period - Deflect By Mark Stone.
3:13 of 2nd period - Shot Misses the Net.
4:06 of 2nd period - Icing by Brandon Montour.
4:07 of 2nd period - Adam Lowry wins face-off versus Ryan O'Reilly in VICTORIA GLADIATORS zone.
4:16 of 2nd period - Shot by Adam Lowry.
4:16 of 2nd period - Shot Misses the Net.
4:18 of 2nd period - Shot by Adam Lowry.
4:18 of 2nd period - Shot Blocked by Alexander Romanov.
4:24 of 2nd period - Shot by Adam Lowry.
4:24 of 2nd period - Stopped by Pyotr Kochetkov with a rebound.
5:08 of 2nd period - Ryan O'Reilly is hit by Noel Acciari and loses puck.
5:15 of 2nd period - Shot by Noel Acciari.
5:15 of 2nd period - Shot Misses the Net.
5:40 of 2nd period - Alex Pietrangelo is hit by Noel Acciari and loses puck.
6:17 of 2nd period - Jaden Schwartz is hit by Jan Rutta and loses puck.
7:27 of 2nd period - Justin Braun is hit by Adam Lowry and loses puck.
7:38 of 2nd period - Shot by Kasperi Kapanen.
7:38 of 2nd period - Shot Misses the Net.
7:56 of 2nd period - Shot by Adam Lowry.
7:56 of 2nd period - Shot Misses the Net.
8:13 of 2nd period - Tyler Myers is hit by Jaden Schwartz and loses puck.
8:21 of 2nd period - Icing by Justin Holl.
8:22 of 2nd period - Mason Appleton wins face-off versus Seth Jarvis in VICTORIA GLADIATORS zone.
8:37 of 2nd period - Shot by Brock McGinn.
8:37 of 2nd period - Stopped by Pyotr Kochetkov without a rebound.
8:38 of 2nd period - Mikael Granlund wins face-off versus Seth Jarvis in LONG BEACH BARACUDAS zone.
8:49 of 2nd period - Seth Jarvis is hit by Mikael Granlund and loses puck.
8:54 of 2nd period - Shot by Andre Burakovsky.
8:54 of 2nd period - Shot Misses the Net.
9:39 of 2nd period - Shot by Adam Lowry.
9:39 of 2nd period - Shot Misses the Net.
10:48 of 2nd period - Icing by Taylor Hall.
10:49 of 2nd period - Cody Glass wins face-off versus Mikael Granlund in LONG BEACH BARACUDAS zone.
11:01 of 2nd period - Icing by Brandon Montour.
11:02 of 2nd period - Ryan O'Reilly wins face-off versus Mikael Granlund in VICTORIA GLADIATORS zone.
11:40 of 2nd period - Shot by Alex Iafallo.
11:40 of 2nd period - Stopped by Pyotr Kochetkov without a rebound.
11:41 of 2nd period - William Karlsson wins face-off versus Adam Lowry in LONG BEACH BARACUDAS zone.
12:03 of 2nd period - Icing by Justin Holl.
12:04 of 2nd period - Adam Lowry wins face-off versus Derek Stepan in VICTORIA GLADIATORS zone.
12:09 of 2nd period - Shot by Adam Lowry.
12:09 of 2nd period - Stopped by Pyotr Kochetkov without a rebound.
12:10 of 2nd period - Andreas Athanasiou wins face-off versus Mikael Granlund in LONG BEACH BARACUDAS zone.
12:26 of 2nd period - Shot by Andre Burakovsky.
12:26 of 2nd period - Shot Misses the Net.
12:37 of 2nd period - Shot by Ryan O'Reilly.
12:37 of 2nd period - Stopped by Jake Oettinger without a rebound.
12:38 of 2nd period - William Karlsson wins face-off versus Adam Lowry in VICTORIA GLADIATORS zone.
12:47 of 2nd period - Shot by Mark Stone.
12:47 of 2nd period - Shot Misses the Net.
12:52 of 2nd period - Off-side.
12:53 of 2nd period - Ryan O'Reilly wins face-off versus Noel Acciari in neutral zone.
13:08 of 2nd period - Tyler Myers is hit by Alexander Romanov and loses puck.
13:11 of 2nd period - Shot by Noel Acciari.
13:11 of 2nd period - Deflect By Nick Foligno.
13:11 of 2nd period - Stopped by Pyotr Kochetkov with a rebound.
13:51 of 2nd period - Mark Stone is hit by Alex Iafallo and loses puck.
14:58 of 2nd period - Shot by Barclay Goodrow.
14:58 of 2nd period - Shot Misses the Net.
15:12 of 2nd period - Shot by Kasperi Kapanen.
15:12 of 2nd period - Shot Misses the Net.
15:22 of 2nd period - Shot by Mason Appleton.
15:22 of 2nd period - Deflect By Brock McGinn.
15:22 of 2nd period - Shot Misses the Net.
15:30 of 2nd period - Shot by Tyler Pitlick.
15:30 of 2nd period - Stopped by Pyotr Kochetkov without a rebound.
15:31 of 2nd period - Ryan O'Reilly wins face-off versus Noel Acciari in LONG BEACH BARACUDAS zone.
15:31 of 2nd period - Alex Pietrangelo is hit by Nick Foligno and loses puck.
15:35 of 2nd period - Alex Pietrangelo is hit by Nick Foligno and loses puck.
15:41 of 2nd period - Andreas Athanasiou is hit by Tyler Myers and loses puck.
15:50 of 2nd period - Shot by Andreas Athanasiou.
15:50 of 2nd period - Shot Misses the Net.
15:52 of 2nd period - Shot by Alex Pietrangelo.
15:52 of 2nd period - Shot Misses the Net.
15:54 of 2nd period - Shot by Ryan O'Reilly.
15:54 of 2nd period - Deflect By Andreas Athanasiou.
15:54 of 2nd period - Stopped by Jake Oettinger without a rebound.
15:55 of 2nd period - Mikael Granlund wins face-off versus William Karlsson in VICTORIA GLADIATORS zone.
16:03 of 2nd period - Icing by Scott Harrington.
16:04 of 2nd period - William Karlsson wins face-off versus Adam Lowry in LONG BEACH BARACUDAS zone.
16:40 of 2nd period - Barclay Goodrow is hit by Mark Stone.
17:02 of 2nd period - Shot by Andreas Athanasiou.
17:02 of 2nd period - Shot Hit the Post.
17:06 of 2nd period - Shot by Teuvo Teravainen.
17:06 of 2nd period - Stopped by Jake Oettinger with a rebound.
17:08 of 2nd period - Shot by Andreas Athanasiou.
17:08 of 2nd period - Shot Misses the Net.
17:10 of 2nd period - Shot by Ryan O'Reilly.
17:10 of 2nd period - Stopped by Jake Oettinger without a rebound.
17:11 of 2nd period - Taylor Hall wins face-off versus Andre Burakovsky in VICTORIA GLADIATORS zone.
17:14 of 2nd period - Shot by Taylor Hall.
17:14 of 2nd period - Shot Blocked by Alex Iafallo.
17:38 of 2nd period - Shot by Seth Jarvis.
17:38 of 2nd period - Stopped by Jake Oettinger without a rebound.
17:39 of 2nd period - William Karlsson wins face-off versus Nick Foligno in VICTORIA GLADIATORS zone.
17:52 of 2nd period - Shot by William Karlsson.
17:52 of 2nd period - Shot Misses the Net.
17:54 of 2nd period - Shot by William Karlsson.
17:54 of 2nd period - Shot Blocked by Jan Rutta.
17:56 of 2nd period - Shot by Mark Stone.
17:56 of 2nd period - Stopped by Jake Oettinger without a rebound.
17:57 of 2nd period - Ryan O'Reilly wins face-off versus Mikael Granlund in VICTORIA GLADIATORS zone.
17:57 of 2nd period - Ryan O'Reilly is hit by Tyler Myers.
18:01 of 2nd period - Shot by Teuvo Teravainen.
18:01 of 2nd period - Stopped by Jake Oettinger without a rebound.
18:02 of 2nd period - William Karlsson wins face-off versus Mikael Granlund in VICTORIA GLADIATORS zone.
18:32 of 2nd period - Shot by Mark Stone.
18:32 of 2nd period - Shot Blocked by Tyler Myers.
19:05 of 2nd period - Icing by Scott Harrington.
19:06 of 2nd period - Adam Lowry wins face-off versus Ryan O'Reilly in LONG BEACH BARACUDAS zone.
19:17 of 2nd period - Shot by Adam Lowry.
19:17 of 2nd period - Stopped by Pyotr Kochetkov without a rebound.
19:18 of 2nd period - Seth Jarvis wins face-off versus Noel Acciari in LONG BEACH BARACUDAS zone.
19:40 of 2nd period - Off-side.
19:41 of 2nd period - William Karlsson wins face-off versus Adam Lowry in neutral zone.
19:46 of 2nd period - Shot by Mark Stone.
19:46 of 2nd period - Stopped by Jake Oettinger without a rebound.
19:47 of 2nd period - Adam Lowry wins face-off versus William Karlsson in VICTORIA GLADIATORS zone.
Goals for this period are 1 for VICTORIA GLADIATORS vs 1 for LONG BEACH BARACUDAS.
Shots for this period are 9 for VICTORIA GLADIATORS vs 12 for LONG BEACH BARACUDAS.

3rd period


0:01 of 3rd period - William Karlsson wins face-off versus Mikael Granlund in neutral zone.
0:19 of 3rd period - Off-side.
0:20 of 3rd period - Noel Acciari wins face-off versus Ryan O'Reilly in neutral zone.
0:40 of 3rd period - Teuvo Teravainen is hit by Justin Holl.
1:22 of 3rd period - Shot by Adam Lowry.
1:22 of 3rd period - Stopped by Pyotr Kochetkov without a rebound.
1:23 of 3rd period - William Karlsson wins face-off versus Alex Iafallo in LONG BEACH BARACUDAS zone.
1:23 of 3rd period - Mark Stone is hit by Alex Iafallo and loses puck.
1:29 of 3rd period - Icing by Alex Pietrangelo.
1:30 of 3rd period - William Karlsson wins face-off versus Adam Lowry in LONG BEACH BARACUDAS zone.
1:59 of 3rd period - Shot by Jaden Schwartz.
1:59 of 3rd period - Shot Misses the Net.
2:15 of 3rd period - Icing by Torey Krug.
2:16 of 3rd period - Seth Jarvis wins face-off versus Kasperi Kapanen in VICTORIA GLADIATORS zone.
2:35 of 3rd period - Shot by Seth Jarvis.
2:35 of 3rd period - Shot Misses the Net.
2:37 of 3rd period - Shot by Seth Jarvis.
2:37 of 3rd period - Stopped by Jake Oettinger without a rebound.
2:38 of 3rd period - Mikael Granlund wins face-off versus Ryan O'Reilly in VICTORIA GLADIATORS zone.
3:45 of 3rd period - Shot by Jaden Schwartz.
3:45 of 3rd period - Stopped by Jake Oettinger with a rebound.
3:47 of 3rd period - Shot by Mark Stone.
3:47 of 3rd period - Shot Misses the Net.
4:07 of 3rd period - Shot by William Karlsson.
4:07 of 3rd period - Stopped by Jake Oettinger without a rebound.
4:08 of 3rd period - Mason Appleton wins face-off versus Seth Jarvis in VICTORIA GLADIATORS zone.
4:26 of 3rd period - Brandon Montour is hit by Cody Glass and loses puck.
5:30 of 3rd period - Icing by Justin Holl.
5:31 of 3rd period - William Karlsson wins face-off versus Mikael Granlund in VICTORIA GLADIATORS zone.
6:12 of 3rd period - Adam Lowry is hit by Mark Stone and loses puck.
6:13 of 3rd period - Minor Penalty to Jaden Schwartz for Roughing.
6:14 of 3rd period - William Karlsson wins face-off versus Adam Lowry in LONG BEACH BARACUDAS zone.
6:14 of 3rd period - Mark Stone is hit by Nick Foligno and loses puck.
7:12 of 3rd period - Shot by Alex Iafallo.
7:12 of 3rd period - Shot Misses the Net.
7:14 of 3rd period - Shot by Tyler Myers.
7:14 of 3rd period - Deflect By Andre Burakovsky.
7:14 of 3rd period - Stopped by Pyotr Kochetkov without a rebound.
7:15 of 3rd period - William Karlsson wins face-off versus Alex Iafallo in LONG BEACH BARACUDAS zone.
7:15 of 3rd period - William Karlsson is hit by Mikael Granlund.
7:57 of 3rd period - Shot by Brandon Montour.
7:57 of 3rd period - Stopped by Pyotr Kochetkov without a rebound.
7:58 of 3rd period - William Karlsson wins face-off versus Barclay Goodrow in LONG BEACH BARACUDAS zone.
8:23 of 3rd period - Shot by Brock McGinn.
8:23 of 3rd period - Stopped by Pyotr Kochetkov without a rebound.
8:24 of 3rd period - Derek Stepan wins face-off versus Mason Appleton in LONG BEACH BARACUDAS zone.
8:24 of 3rd period - Derek Stepan is hit by Tyler Pitlick.
8:37 of 3rd period - Icing by Brandon Montour.
8:38 of 3rd period - Mason Appleton wins face-off versus Ryan O'Reilly in VICTORIA GLADIATORS zone.
9:26 of 3rd period - Scott Harrington is hit by Tyler Pitlick and loses puck.
9:34 of 3rd period - Minor Penalty to Kasperi Kapanen for High sticking.
9:35 of 3rd period - Noel Acciari wins face-off versus William Karlsson in VICTORIA GLADIATORS zone.
9:48 of 3rd period - Shot by Alex Pietrangelo.
9:48 of 3rd period - Shot Misses the Net.
9:50 of 3rd period - Shot by Mark Stone.
9:50 of 3rd period - Goal by Mark Stone - VICTORIA GLADIATORS : 3 - LONG BEACH BARACUDAS : 3.
9:51 of 3rd period - Mikael Granlund wins face-off versus Seth Jarvis in neutral zone.
10:00 of 3rd period - Shot by Alex Iafallo.
10:00 of 3rd period - Shot Blocked by Calvin De Haan.
10:05 of 3rd period - Icing by Matt Irwin.
10:06 of 3rd period - Adam Lowry wins face-off versus Seth Jarvis in LONG BEACH BARACUDAS zone.
10:33 of 3rd period - Shot by Adam Lowry.
10:33 of 3rd period - Shot Misses the Net.
11:26 of 3rd period - Icing by Seth Jarvis.
11:27 of 3rd period - Nick Foligno wins face-off versus Seth Jarvis in LONG BEACH BARACUDAS zone.
13:12 of 3rd period - Shot by Ryan O'Reilly.
13:12 of 3rd period - Stopped by Jake Oettinger without a rebound.
13:13 of 3rd period - Derek Stepan wins face-off versus Adam Lowry in VICTORIA GLADIATORS zone.
13:50 of 3rd period - Icing by Brandon Montour.
13:51 of 3rd period - Ryan O'Reilly wins face-off versus Adam Lowry in VICTORIA GLADIATORS zone.
13:52 of 3rd period - Shot by Andreas Athanasiou.
13:52 of 3rd period - Stopped by Jake Oettinger without a rebound.
13:53 of 3rd period - Ryan O'Reilly wins face-off versus Mikael Granlund in VICTORIA GLADIATORS zone.
14:14 of 3rd period - Shot by Andre Burakovsky.
14:14 of 3rd period - Stopped by Pyotr Kochetkov without a rebound.
14:15 of 3rd period - Seth Jarvis wins face-off versus Mason Appleton in LONG BEACH BARACUDAS zone.
15:27 of 3rd period - Shot by Mikael Granlund.
15:27 of 3rd period - Shot Misses the Net.
15:29 of 3rd period - Shot by Tyler Myers.
15:29 of 3rd period - Shot Blocked by Alexander Romanov.
15:34 of 3rd period - Alex Iafallo is hit by Alexander Romanov and loses puck.
15:58 of 3rd period - Adam Lowry is hit by Alex Pietrangelo and loses puck.
17:25 of 3rd period - Brock McGinn is hit by Alexander Romanov and loses puck.
17:46 of 3rd period - Minor Penalty to Alex Pietrangelo for Tripping.
17:46 of 3rd period - Minor Penalty to Brock McGinn for Hooking.
17:47 of 3rd period - Derek Stepan wins face-off versus Mikael Granlund in LONG BEACH BARACUDAS zone.
19:15 of 3rd period - Off-side.
19:16 of 3rd period - Adam Lowry wins face-off versus Derek Stepan in neutral zone.
19:21 of 3rd period - Shot by Torey Krug.
19:21 of 3rd period - Stopped by Pyotr Kochetkov without a rebound.
19:22 of 3rd period - Adam Lowry wins face-off versus Derek Stepan in LONG BEACH BARACUDAS zone.
19:51 of 3rd period - Shot by Noel Acciari.
19:51 of 3rd period - Stopped by Pyotr Kochetkov without a rebound.
19:52 of 3rd period - Ryan O'Reilly wins face-off versus Noel Acciari in LONG BEACH BARACUDAS zone.
Goals for this period are 0 for VICTORIA GLADIATORS vs 1 for LONG BEACH BARACUDAS.
Shots for this period are 7 for VICTORIA GLADIATORS vs 6 for LONG BEACH BARACUDAS.

Overtime #1


0:01 of 1st overtime period - William Karlsson wins face-off versus Mikael Granlund in neutral zone.
0:15 of 1st overtime period - Shot by Mikael Granlund.
0:15 of 1st overtime period - Stopped by Pyotr Kochetkov without a rebound.
0:16 of 1st overtime period - Mikael Granlund wins face-off versus William Karlsson in LONG BEACH BARACUDAS zone.
1:06 of 1st overtime period - Icing by Brandon Montour.
1:07 of 1st overtime period - Mikael Granlund wins face-off versus Ryan O'Reilly in VICTORIA GLADIATORS zone.
1:42 of 1st overtime period - Shot by Jaden Schwartz.
1:42 of 1st overtime period - Stopped by Jake Oettinger without a rebound.
1:43 of 1st overtime period - Adam Lowry wins face-off versus William Karlsson in VICTORIA GLADIATORS zone.
1:58 of 1st overtime period - Shot by Alex Iafallo.
1:58 of 1st overtime period - Stopped by Pyotr Kochetkov without a rebound.
1:59 of 1st overtime period - William Karlsson wins face-off versus Mikael Granlund in LONG BEACH BARACUDAS zone.
2:11 of 1st overtime period - Shot by Mikael Granlund.
2:11 of 1st overtime period - Shot Blocked by Alex Pietrangelo.
2:13 of 1st overtime period - Shot by Mikael Granlund.
2:13 of 1st overtime period - Shot Blocked by Alex Pietrangelo.
2:23 of 1st overtime period - Shot by Mikael Granlund.
2:23 of 1st overtime period - Shot Hit the Post.
3:18 of 1st overtime period - Shot by Ryan O'Reilly.
3:18 of 1st overtime period - Stopped by Jake Oettinger with a rebound.
3:20 of 1st overtime period - Shot by Ryan O'Reilly.
3:20 of 1st overtime period - Shot Misses the Net.
3:22 of 1st overtime period - Shot by Jaden Schwartz.
3:22 of 1st overtime period - Stopped by Jake Oettinger without a rebound.
3:23 of 1st overtime period - Adam Lowry wins face-off versus William Karlsson in VICTORIA GLADIATORS zone.
3:38 of 1st overtime period - Shot by Adam Lowry.
3:38 of 1st overtime period - Stopped by Pyotr Kochetkov with a rebound.
3:40 of 1st overtime period - Shot by Alex Iafallo.
3:40 of 1st overtime period - Stopped by Pyotr Kochetkov without a rebound.
3:41 of 1st overtime period - Ryan O'Reilly wins face-off versus Adam Lowry in LONG BEACH BARACUDAS zone.
3:52 of 1st overtime period - Shot by Ryan O'Reilly.
3:52 of 1st overtime period - Stopped by Jake Oettinger without a rebound.
3:53 of 1st overtime period - William Karlsson wins face-off versus Adam Lowry in VICTORIA GLADIATORS zone.
4:02 of 1st overtime period - Shot by William Karlsson.
4:02 of 1st overtime period - Stopped by Jake Oettinger with a rebound.
4:20 of 1st overtime period - Shot by Mikael Granlund.
4:20 of 1st overtime period - Stopped by Pyotr Kochetkov with a rebound.
4:52 of 1st overtime period - Shot by Jaden Schwartz.
4:52 of 1st overtime period - Shot Misses the Net.
4:54 of 1st overtime period - Shot by Jaden Schwartz.
4:54 of 1st overtime period - Shot Misses the Net.
4:56 of 1st overtime period - Shot by Alexander Romanov.
4:56 of 1st overtime period - Shot Misses the Net.
4:58 of 1st overtime period - Shot by Alexander Romanov.
4:58 of 1st overtime period - Stopped by Jake Oettinger without a rebound.
4:59 of 1st overtime period - Ryan O'Reilly wins face-off versus Noel Acciari in VICTORIA GLADIATORS zone.
Goals for this period are 0 for VICTORIA GLADIATORS vs 0 for LONG BEACH BARACUDAS.
Shots for this period are 5 for VICTORIA GLADIATORS vs 6 for LONG BEACH BARACUDAS.

ShootOut


5:00 of 1st overtime period - Round #1.
5:00 of 1st overtime period - VICTORIA GLADIATORS, Mikael Granlund.
5:00 of 1st overtime period - Goal by Mikael Granlund.
5:00 of 1st overtime period - LONG BEACH BARACUDAS, Mark Stone.
5:00 of 1st overtime period - Shot Misses the Net.
5:00 of 1st overtime period - Round #2.
5:00 of 1st overtime period - VICTORIA GLADIATORS, Andre Burakovsky.
5:00 of 1st overtime period - Goal by Andre Burakovsky.
5:00 of 1st overtime period - LONG BEACH BARACUDAS, William Karlsson.
5:00 of 1st overtime period - Stopped by Jake Oettinger.
5:00 of 1st overtime period - Round #3.


BLAKE
WHEELER
STEVEN
STAMKOS
DREW
DOUGHTY

EAST COAST

HOCKEY LEAGUE

  • 63.RHI2PIT5
  • 64.WOR4ATL3
  • 65.QUECHW
  • 66.CHATRV